 Dungeon Crawl Stone Soup version 0.16-a0-253-g996e5b4 (webtiles) character file.

2587 Qrupt the Nimble (level 9, -7/59 (61) HPs)
             Began as a Halfling Fighter on Aug 23, 2014.
             Was an Initiate of Gozag.
             Killed from afar by a gargoyle (27 damage)
             ... with a stone arrow
             ... on Level 10 of the Dungeon.
             The game lasted 00:21:33 (8019 turns).

Qrupt the Nimble (Halfling Fighter)                 Turns: 8019, Time: 00:21:33

HP  -7/59 (61)   AC 17     Str 17      XL: 9   Next: 88%
MP   9/9         EV 12     Int  7      God: Gozag
Gold 542         SH  6     Dex 16      Spells:  0 memorised,  8 levels left

rFire  . . .     SeeInvis .     a - +0 cutlass
rCold  . . .     Clarity  .     b - +0 scale mail
rNeg   + + .     rCorr    .     c - +0 buckler
rPois  .         rRot     .     m - +2 helmet
rElec  .         Spirit   .     o - +2 cloak
SustAb .         Warding  +     (no gloves)
rMut   .         Stasis   .     (no boots)
Gourm  .                        F - amulet of warding
MR     .....                    w - +3 ring of protection
                                l - ring of positive energy

@: not resistant to hostile enchantments, extremely unstealthy
A: mutation resistance 1
a: Potion Petition, Call Merchant, Bribe Branch, Renounce Religion


You were on level 10 of the Dungeon.
You worshipped Gozag.
Gozag was noncommittal.
You were near starving.

You visited 2 branches of the dungeon, and saw 11 of its levels.

You collected 790 gold pieces.
You paid 248 gold pieces to Gozag.

Inventory:

Hand weapons
 a - a +0 cutlass (weapon)
Armour
 b - a +0 scale mail (worn)
 c - a +0 buckler (worn)
 m - a +2 helmet (worn)
 o - a +2 cloak (worn)
 u - a +0 robe of magic resistance
Magical devices
 D - a wand of draining (6)
 G - a wand of frost (18)
 J - a wand of enslavement (12)
 K - a wand of magic darts (11)
 L - a wand of fireball (4)
Comestibles
 d - 5 bread rations
 j - 2 fruits
 p - 4 meat rations
 N - a slice of pizza
Scrolls
 h - 11 scrolls of remove curse
 s - 2 scrolls of identify
 t - 3 scrolls of enchant weapon {unknown}
 x - a scroll of noise {unknown}
 y - 3 scrolls of teleportation {unknown}
 z - 2 scrolls of recharging {unknown}
 B - 2 scrolls of amnesia {unknown}
 E - a scroll of fear {unknown}
 I - a scroll of blinking {unknown}
Jewellery
 g - an uncursed amulet of stasis
 l - a ring of positive energy (left hand)
 w - a +3 ring of protection (right hand)
 F - an amulet of warding (around neck)
Potions
 e - 4 potions of might
 f - a potion of cancellation
 i - 2 potions of heal wounds
 k - 3 potions of brilliance
 n - a potion of resistance
 v - 3 potions of agility
 A - 2 potions of magic
 C - a potion of poison
 H - a potion of restore abilities
 M - a potion of degeneration {unknown}
Books
 r - a book of the Warp

   Spells                             Type                      Level
   Control Teleport                   Charms/Translocation         4
   Phase Shift                        Translocation                5
   Warp Weapon                        Charms/Translocation         5
   Dispersal                          Translocation                6
   Controlled Blink                   Translocation                7
   Disjunction                        Translocation                8


   Skills:
 + Level 5.4 Fighting
 - Level 8.3 Short Blades
 - Level 7.3 Armour
 - Level 8.5 Dodging
 - Level 3.2 Shields


You had 8 spell levels left.
You didn't know any spells.

Dungeon Overview and Level Annotations

Branches:
Dungeon (10/15)            Temple (1/1) D:6
    Orc: D:9-12        Lair: D:8-11

Altars:
Ashenzari
Cheibriados
Dithmenos
Elyvilon
Fedhas
Gozag
Kikubaaqudgha
Makhleb
Nemelex Xobeh
Okawaru
Qazlal
Sif Muna
Trog
Vehumet
Xom
Yredelemnul
Zin
The Shining One

Annotations:
D:8 Gastronok


Innate Abilities, Weirdness & Mutations

You are small and have problems with some larger weapons.
You are somewhat resistant to further mutation.


Message History

You barely miss the gargoyle.
The gargoyle is heavily damaged.
You hit the gargoyle.
The gargoyle is severely damaged.
The gargoyle hurls a stone arrow at you.
The stone arrow hits you!
You barely miss the gargoyle.
The gargoyle is severely damaged.
The gargoyle closely misses you.
You hit the gargoyle but do no damage.
The gargoyle is severely damaged.
The gargoyle barely misses you.
You hit the gargoyle but do no damage.
The gargoyle is severely damaged.
You hit the gargoyle but do no damage.
The gargoyle is severely damaged.
The gargoyle hurls a stone arrow at you.
The stone arrow hits you!
You die...
Your body crumbles into a pile of gold.

#.P.P.#....9...
#.....#.......9.
#.#.......#
###.#.##...## .....
#.### #..###.#
.####...##.#
.........9.# ##......@##
##.....## ##...## #...#
##.### ##### #..# #...#
##.## ####...####
#...##########.........#
###....................#


You could see a gargoyle.

Vanquished Creatures
  A wraith (D:9)
  A hippogriff (D:5)
  A water moccasin (D:7)
  A sky beast (D:5)
  2 ice beasts
  3 necrophages
  A phantom (D:5)
  An ogre (D:9)
  2 centaurs
  5 giant frogs
  A scorpion (D:7)
  2 crimson imps
  A hound (D:5)
  4 orc priests
  A goliath beetle (D:7)
  Crazy Yiuf (D:2)
  A quasit (D:6)
  2 iguanas
  7 worker ants
  An orc wizard (D:3)
  A hound skeleton (D:5)
  3 gnolls (D:2)
  13 adders
  A shadow imp (D:10)
  2 giant mites (D:7)
  A goliath beetle zombie (D:6)
  3 worms
  4 giant geckos
  24 orcs
  4 giant cockroaches
  2 gnoll zombies (D:4)
  17 goblins
  14 hobgoblins
  A ball python (D:1)
  9 bats
  5 giant newts
  A giant spore (D:6)
  A goblin skeleton (D:3)
  15 jackals
  15 kobolds
  A kobold skeleton (D:5)
  5 quokkas
  2 quokka skeletons
  18 rats
  3 ballistomycetes (D:6)
204 creatures vanquished.

Vanquished Creatures (others)
  A butterfly (D:5)
1 creature vanquished.

Grand Total: 205 creatures vanquished

Notes
Turn   | Place    | Note
--------------------------------------------------------------
     0 | D:1      | Qrupt, the Halfling Fighter, began the quest for the Orb.
     0 | D:1      | Reached XP level 1. HP: 15/15 MP: 1/1
   106 | D:1      | Reached XP level 2. HP: 20/20 MP: 2/2
   384 | D:1      | Reached skill level 4 in Short Blades
   554 | D:2      | Found a shattered altar of Ashenzari.
   600 | D:2      | Reached XP level 3. HP: 25/25 MP: 3/3
   633 | D:2      | Noticed Crazy Yiuf
   641 | D:2      | Killed Crazy Yiuf
   641 | D:2      | Reached skill level 5 in Short Blades
   641 | D:2      | Reached XP level 4. HP: 7/30 MP: 4/4
  1054 | D:2      | Reached skill level 6 in Short Blades
  1312 | D:2      | Reached XP level 5. HP: 29/35 MP: 5/5
  1699 | D:3      | Reached skill level 7 in Short Blades
  2007 | D:3      | Found a burning altar of Makhleb.
  2035 | D:3      | Reached XP level 6. HP: 28/41 MP: 6/6
  2417 | D:3      | Reached skill level 8 in Short Blades
  2945 | D:4      | Found a basalt altar of Yredelemnul.
  3099 | D:5      | Entered Level 5 of the Dungeon
  3181 | D:5      | Reached XP level 7. HP: 43/45 MP: 7/7
  3289 | D:5      | Reached skill level 5 in Armour
  3393 | D:5      | Found a glowing golden altar of the Shining One.
  3513 | D:5      | Noticed a sky beast
  3824 | D:5      | Killed a sky beast
  3824 | D:5      | Reached XP level 8. HP: 23/51 MP: 8/8
  4345 | D:6      | Found a staircase to the Ecumenical Temple.
  4394 | Temple   | Entered the Ecumenical Temple
  4617 | Temple   | Became a worshipper of Gozag Ym Sagoz the Greedy
  5192 | D:6      | Reached skill level 5 in Dodging
  5710 | D:6      | Reached XP level 9. HP: 46/55 MP: 9/9
  6734 | D:7      | Found an iron altar of Okawaru.
  6734 | D:7      | Found a blossoming altar of Fedhas.
  6740 | D:7      | Found a stormy altar of Qazlal.
  6977 | D:8      | Noticed Gastronok
  7674 | D:9      | Reached skill level 5 in Fighting
  7934 | D:10     | Entered Level 10 of the Dungeon
  7970 | D:10     | Found a basalt altar of Yredelemnul.
  7985 | D:10     | Noticed a gargoyle
  8019 | D:10     | Killed from afar by a gargoyle

Action                   |  1- 3 |  4- 6 |  7- 9 || total
-------------------------+-------+-------+-------++-------
Melee: Cutlass           |    77 |   360 |   852 ||  1289
Invok: Potion Petition   |       |       |     1 ||     1
Evoke: Wand              |       |     1 |     7 ||     8
  Use: Potion            |     1 |     2 |     2 ||     5
       Scroll            |       |       |     9 ||     9
  Eat: Chunk             |       |     6 |     5 ||    11
       Beef jerky        |       |     1 |     1 ||     2
       Fruit             |       |       |     1 ||     1
       Pizza             |       |       |     1 ||     1
